 Dungeon Crawl Stone Soup version 0.28-a0-881-gae16bb6c82 (webtiles) character file.

Game seed: 3480306350660725023

3789 Gargoyl the Fighter (level 10, -3/81 HPs)
             Began as a Gnoll Abyssal Knight on Nov 21, 2021.
             Was a Priest of Lugonu.
             Killed by divine providence
             ... invoked by an orc priest
              (11 damage)
             ... on level 8 of the Dungeon.
             The game lasted 00:11:54 (10138 turns).

Gargoyl the Fighter (Gnoll Abyssal Knight)         Turns: 10138, Time: 00:11:55

Health: -3/81      AC: 19    Str: 15    XL:     10   Next: 16%
Magic:  2/5        EV:  6    Int: 10    God:    Lugonu [***...]
Gold:   440        SH: 10    Dex: 15    Spells: 19/19 levels left

rFire   . . .      SeeInvis .   i - +2 hand axe (antimagic)
rCold   . . .      Faith    .   n - +0 buckler
rNeg    . . .      Spirit   .   t - +0 plate armour
rPois   .          Reflect  +   d - +0 helmet
rElec   .          Harm     .   g - +0 cloak {Will+}
rCorr   .          Rampage  .   q - +0 pair of gloves {Stlth+}
Will    +....                   (no boots)
Stlth   ..........              o - amulet of reflection
HPRegen 0.23/turn               (no ring)
MPRegen 0.09/turn               (no ring)

@: no status effects
A: fangs 1, strong nose, distributed training, iridescent scales 1, agile 1
a: Renounce Religion, Depart the Abyss, Bend Space, Banish


You were on level 8 of the Dungeon.
You worshipped Lugonu.
Lugonu was most pleased with you.
You visited 1 branch of the dungeon, and saw 8 of its levels.
You visited the Abyss 1 time.

You collected 440 gold pieces.

Inventory:

Hand Weapons
 a - a +3 hand axe
 i - a +2 antimagic hand axe (weapon)
Missiles
 l - 24 poisoned darts (quivered)
 r - a throwing net
Armour
 d - a +0 helmet (worn)
 g - a +0 cloak of willpower (worn)
 n - a +0 buckler (worn)
 q - a +0 pair of gloves of stealth (worn)
 t - a +0 plate armour (worn)
Jewellery
 o - an amulet of reflection (around neck)
 s - a ring of ice
Wands
 h - a wand of flame (12)
 m - a wand of paralysis (8)
Potions
 b - a potion of brilliance
 c - 2 potions of heal wounds
 e - 2 potions of flight
 k - 3 potions of haste {unknown}
 p - 4 potions of curing {unknown}


   Skills:
 + Level 8.3 Fighting
 + Level 5.0 Short Blades
 + Level 5.0 Long Blades
 + Level 6.8 Axes
 + Level 5.0 Maces & Flails
 + Level 5.0 Polearms
 + Level 5.0 Staves
 + Level 5.0 Slings
 + Level 5.0 Bows
 + Level 5.0 Crossbows
 + Level 5.0 Throwing
 + Level 6.8 Armour
 + Level 5.7 Dodging
 + Level 5.0 Stealth
 + Level 5.0 Shields
 + Level 5.0 Unarmed Combat
 + Level 5.0 Spellcasting
 + Level 4.1 Conjurations
 + Level 4.1 Hexes
 + Level 4.1 Summonings
 + Level 4.1 Necromancy
 + Level 4.1 Translocations
 + Level 4.1 Transmutations
 + Level 4.1 Fire Magic
 + Level 4.1 Ice Magic
 + Level 4.1 Air Magic
 + Level 4.1 Earth Magic
 + Level 4.1 Poison Magic
 + Level 7.2 Invocations
 + Level 5.0 Evocations


You had 19 spell levels left.
You didn't know any spells.
Your spell library contained the following spells:

 Spells                   Type           Power      Damage    Failure   Level
 Magic Dart               Conj           40%        1d5       92%         1
 Call Imp                 Summ           10%        N/A       98%         2
 Conjure Flame            Conj/Fire      10%        6-21      100%        3
 Ignite Poison            Fire/Tmut/Pois 10%        N/A       100%        3
 Mephitic Cloud           Conj/Pois/Air  10%        N/A       100%        3
 Sticky Flame             Conj/Fire      10%        2d3       100%        4


Dungeon Overview and Level Annotations

Branches:
Dungeon (8/15)             Temple (0/1) D:5
   Lair: D:8-11

Altars:
Ashenzari
Dithmenos
Elyvilon
Makhleb
Qazlal
Ru
Wu Jian
Xom

Shops:
D:8 *


Innate Abilities, Weirdness & Mutations

You have very sharp teeth.
Your uncanny sense of smell can sniff out nearby items.
Your experience applies equally to all skills.
You are partially covered in iridescent scales. (AC +2)
You are agile. (Dex +2)


Message History

Unknown command.
You closely miss the ice beast.
The ice beast is heavily wounded.
The ice beast closely misses you.
Unknown command.
You barely miss the ice beast.
The ice beast is heavily wounded.
The ice beast hits you but does no damage.
You hit the ice beast.
The ice beast is heavily wounded.
You block the ice beast's attack.
Unknown command.
You hit the ice beast.
You bite the ice beast, but do no damage.
The ice beast is severely wounded.
The ice beast hits you but does no damage.
You closely miss the ice beast.
You bite the ice beast, but do no damage.
The ice beast is severely wounded.
You block the ice beast's attack.
Unknown command.
You hit the ice beast but do no damage.
The ice beast is severely wounded.
The ice beast closely misses you.
Unknown command.
You hit the ice beast.
The ice beast is severely wounded.
The orc priest calls down the wrath of Beogh upon you.
Beogh smites you!
* * * LOW HITPOINT WARNING * * *
You block the ice beast's attack.
You hit the ice beast.
The ice beast is severely wounded.
The ice beast hits you but does no damage.
Unknown command.
You hit the ice beast.
The ice beast is almost dead.
The orc priest mumbles some strange prayers to Beogh against you.
Beogh smites you!
You die...

#.......))....#
#.###########..
#.# ### #.#
####.# #....#
#######.####
........#
#######@# #Y#


#oo ∆ #.## ... ..# #.# ... You could see an ice beast, an orc priest and an orc.

Vanquished Creatures
  Maggie (D:5)
  The ghost of astraldaughter the Skirmisher, an amateur OgFi (D:3)
  A steam dragon (D:7)
  2 wargs (D:8)
  3 water moccasins (D:7)
  4 sky beasts
  2 orc warriors
  A black bear (D:6)
  2 ogres (D:4)
  A centaur (D:5)
  A phantom (D:7)
  Blork the orc (D:4)
  A bullfrog (D:7)
  2 scorpions
  A gnoll sergeant (D:6)
  A wyvern skeleton (D:7)
  A water moccasin skeleton (D:6)
  4 wights (D:7)
  2 howler monkeys
  A centaur zombie (D:5)
  2 orc priests
  A bullfrog skeleton (D:3)
  A centaur skeleton (D:3)
  15 orc wizards
  A scorpion zombie (D:5)
  A hound skeleton (D:5)
  6 adders
  9 gnolls
  A shadow imp (D:3)
  An ufetubus (D:5)
  An adder skeleton (D:4)
  An adder zombie (D:5)
  2 worms
  2 dart slugs
  23 orcs
  4 ball pythons
  8 endoplasms
  5 giant cockroaches
  8 goblins
  9 hobgoblins
  2 jackals (D:4)
  7 kobolds
  2 quokkas
  9 bats
  4 frilled lizards
  4 rats
162 creatures vanquished.

Vanquished Creatures (others)
  11 plants
11 creatures vanquished.

Grand Total: 173 creatures vanquished

Notes
Turn   | Place    | Note
-------+----------+-------------------------------------------
     0 | Abyss:1  | Gargoyl the Gnoll Abyssal Knight began the quest for the
                  | Orb.
     0 | Abyss:1  | Reached XP level 1. HP: 23/23 MP: 3/3
    46 | Abyss:2  | Noticed a tormentor
    46 | Abyss:2  | Gained mutation: You are weak. (Str -2) [potion of
                  | mutation]
    46 | Abyss:2  | Gained mutation: You are partially covered in iridescent
                  | scales. (AC +2) [potion of mutation]
    51 | D:1      | Escaped the Abyss
   455 | D:1      | Reached XP level 2. HP: 26/29 MP: 5/5
  1418 | D:2      | Reached XP level 3. HP: 35/35 MP: 6/6
  1428 | D:2      | Reached * piety under Lugonu
  1688 | D:2      | You fall into a shaft and drop 1 floor!
  1826 | D:3      | Reached skill level 1 in Short Blades
  1826 | D:3      | Reached skill level 1 in Long Blades
  1826 | D:3      | Reached skill level 1 in Maces & Flails
  1826 | D:3      | Reached skill level 1 in Polearms
  1826 | D:3      | Reached skill level 1 in Staves
  1826 | D:3      | Reached skill level 1 in Slings
  1826 | D:3      | Reached skill level 1 in Bows
  1826 | D:3      | Reached skill level 1 in Crossbows
  1826 | D:3      | Reached skill level 1 in Throwing
  1826 | D:3      | Reached skill level 1 in Stealth
  1826 | D:3      | Reached skill level 1 in Shields
  1826 | D:3      | Reached skill level 1 in Unarmed Combat
  1826 | D:3      | Reached skill level 1 in Spellcasting
  1826 | D:3      | Reached skill level 1 in Evocations
  1826 | D:3      | Reached XP level 4. HP: 28/41 MP: 7/7
  1934 | D:3      | Found a burning altar of Makhleb.
  1937 | D:3      | Noticed a sky beast
  1956 | D:3      | Killed a sky beast
  1957 | D:3      | Reached skill level 1 in Conjurations
  1957 | D:3      | Reached skill level 1 in Hexes
  1957 | D:3      | Reached skill level 1 in Summonings
  1957 | D:3      | Reached skill level 1 in Necromancy
  1957 | D:3      | Reached skill level 1 in Translocations
  1957 | D:3      | Reached skill level 1 in Transmutations
  1957 | D:3      | Reached skill level 1 in Fire Magic
  1957 | D:3      | Reached skill level 1 in Ice Magic
  1957 | D:3      | Reached skill level 1 in Air Magic
  1957 | D:3      | Reached skill level 1 in Earth Magic
  1957 | D:3      | Reached skill level 1 in Poison Magic
  1957 | D:3      | Reached XP level 5. HP: 33/47 MP: 8/8
  2087 | D:3      | Found a faded altar of an unknown god.
  2600 | D:3      | Noticed astraldaughter's ghost (amateur OgFi)
  2759 | D:3      | Found a transporter.
  2837 | D:3      | Found a transporter.
  2878 | D:3      | Killed astraldaughter's ghost
  2879 | D:3      | Reached skill level 5 in Axes
  2879 | D:3      | Reached skill level 5 in Armour
  2879 | D:3      | Reached skill level 5 in Invocations
  2879 | D:3      | Reached XP level 6. HP: 27/53 MP: 3/9
  2896 | D:3      | Reached ** piety under Lugonu
  2920 | D:3      | Identified a scroll of acquirement
  2920 | D:3      | Acquired a +0 cloak of willpower
  3206 | D:4      | Noticed Blork the orc
  3211 | D:4      | Reached skill level 7 in Fighting
  3211 | D:4      | Reached XP level 7. HP: 30/60 MP: 3/10
  3370 | D:4      | Found a shadowy altar of Dithmenos.
  3377 | D:4      | Killed Blork the orc
  4153 | D:4      | Found a shimmering altar of Xom.
  4561 | D:5      | Entered Level 5 of the Dungeon
  4585 | D:5      | Found a broken altar of Ashenzari.
  4589 | D:5      | Saw a vision of the Shoals and the Spider Nest.
  4589 | D:5      | Noticed a redback
  4589 | D:5      | Noticed a redback
  4589 | D:5      | Noticed a redback
  4589 | D:5      | Noticed a redback
  4589 | D:5      | Noticed a merfolk
  4589 | D:5      | Noticed a sea snake
  4591 | D:5      | Noticed a redback
  4652 | D:5      | Reached XP level 8. HP: 44/67 MP: 4/12
  4733 | D:5      | Lost mutation: You are partially covered in iridescent
                  | scales. (AC +2) [potion of mutation]
  4733 | D:5      | Lost mutation: You are weak. (Str -2) [potion of mutation]
  4733 | D:5      | Gained mutation: You are partially covered in iridescent
                  | scales. (AC +2) [potion of mutation]
  4733 | D:5      | Gained mutation: You are agile. (Dex +2) [potion of
                  | mutation]
  4867 | D:5      | Found a sacrificial altar of Ru.
  4991 | D:5      | Found a staircase to the Ecumenical Temple.
  5409 | D:5      | Reached *** piety under Lugonu
  5915 | D:6      | Noticed Maggie
  6146 | D:5      | Killed Maggie
  6516 | D:6      | Reached XP level 9. HP: 22/72 MP: 4/14
  7028 | D:6      | Found a white marble altar of Elyvilon.
  7055 | D:6      | Found a stormy altar of Qazlal.
  7788 | D:7      | Reached skill level 5 in Dodging
  8069 | D:7      | Reached skill level 8 in Fighting
  8762 | D:7      | Found an ornate altar of the Wu Jian Council.
  9062 | D:7      | Reached XP level 10. HP: 9/80 MP: 1/17
  9973 | D:8      | Found Molo Cil's CLEARANCE SALE!.
 10120 | D:8      | Reached skill level 5 in Short Blades
 10120 | D:8      | Reached skill level 5 in Long Blades
 10120 | D:8      | Reached skill level 5 in Maces & Flails
 10120 | D:8      | Reached skill level 5 in Polearms
 10120 | D:8      | Reached skill level 5 in Staves
 10120 | D:8      | Reached skill level 5 in Slings
 10120 | D:8      | Reached skill level 5 in Bows
 10120 | D:8      | Reached skill level 5 in Crossbows
 10120 | D:8      | Reached skill level 5 in Throwing
 10120 | D:8      | Reached skill level 5 in Stealth
 10120 | D:8      | Reached skill level 5 in Shields
 10120 | D:8      | Reached skill level 5 in Unarmed Combat
 10120 | D:8      | Reached skill level 5 in Spellcasting
 10120 | D:8      | Reached skill level 5 in Evocations
 10138 | D:8      | Killed from afar by an orc priest

Illustrated notes

Levels and vault maps discovered:
D:1:      lemuel_arrival_muddy, layout_loops_ring, serial_bayou,
          serial_bayou_crossing, serial_bayou_ford_a, serial_bayou_pond_a,
          serial_bayou_lagoon_b
D:2:      layout_basic, grunt_ministairs_2, minmay_fractal_squares_gapless_5
D:3:      layout_rooms, old_standard_altar, gammafunk_ghost_mausoleum,
          shapermc_ecumenical_altar_notcrosses, chequers_serial_rivers_micro_b,
          minmay_distorted
D:4:      layout_gridville, nicolae_dithmenos_shadow_blocks,
          mainiacjoe_overflow_small_starburst, minmay_misc_feat_iff,
          uniq_blork_the_orc
D:5:      layout_basic, nicolae_ru_great_annihilating_truth,
          grunt_ashenzari_visionary [grunt_ashenzari_visionary_shoals,
          grunt_ashenzari_visionary_spider], minmay_temple_entry_slanted,
          grunt_decor_mini_mirrors, kennysheep_small_spiral, sigmund_army
D:6:      layout_rooms, elyvilon_altar_3, nicolae_qazlal_general_emergency,
          uniq_maggie
D:7:      cheibrodos_steamvent, layout_basic,
          nicolae_wu_jian_immortal_techniques, enter_bailey_3,
          grunt_ministairs_12
D:8:      layout_loops_ring, amethyst_overflow_temple_binary,
          erik_lair_orcish_takeover, nicolae_shop_clearance

Skill      XL: |  1  2  3  4  5  6  7  8  9 10 |
---------------+-------------------------------+-----
Short Blades   | 1 2 3 4 5 |  5.0
Long Blades    | 1 2 3 4 5 |  5.0
Maces & Flails | 1 2 3 4 5 |  5.0
Polearms       | 1 2 3 4 5 |  5.0
Staves         | 1 2 3 4 5 |  5.0
Slings         | 1 2 3 4 5 |  5.0
Bows           | 1 2 3 4 5 |  5.0
Crossbows      | 1 2 3 4 5 |  5.0
Throwing       | 1 2 3 4 5 |  5.0
Stealth        | 1 2 3 4 5 |  5.0
Shields        | 1 2 3 4 5 |  5.0
Unarmed Combat | 1 2 3 4 5 |  5.0
Spellcasting   | 1 2 3 4 5 |  5.0
Evocations     | 1 2 3 4 5 |  5.0
Dodging        | 3 4 5 |  5.7
Conjurations   | 1 2 3 4 |  4.1
Hexes          | 1 2 3 4 |  4.1
Summonings     | 1 2 3 4 |  4.1
Necromancy     | 1 2 3 4 |  4.1
Translocations | 1 2 3 4 |  4.1
Transmutations | 1 2 3 4 |  4.1
Fire Magic     | 1 2 3 4 |  4.1
Ice Magic      | 1 2 3 4 |  4.1
Air Magic      | 1 2 3 4 |  4.1
Earth Magic    | 1 2 3 4 |  4.1
Poison Magic   | 1 2 3 4 |  4.1
Axes           | 5 6 |  6.8
Armour         | 5 6 |  6.8
Invocations    | 5 6 7 |  7.2
Fighting       | 7 8 |  8.3

Action                   |  1- 3 |  4- 6 |  7- 9 | 10-12 || total
-------------------------+-------+-------+-------+-------++-------
Melee: Hand axe          |   113 |   152 |   517 |   124 ||   906
       Bite              |     7 |    12 |    54 |    11 ||    84
       Punch             |       |       |     1 |       ||     1
Throw: Dart              |       |       |     8 |       ||     8
Invok: Depart the Abyss  |     1 |       |       |       ||     1
       Banish            |       |       |     1 |     1 ||     2
  Use: Potion            |     1 |       |     3 |     3 ||     7
       Scroll            |     1 |     7 |     3 |     2 ||    13
 Stab: Sleeping          |     1 |       |     1 |       ||     2
Armor: Leather armour    |    33 |       |       |       ||    33
       Ring mail         |    34 |    83 |   116 |       ||   233
       Plate armour      |       |       |   153 |    56 ||   209
Dodge: Dodged            |    87 |    84 |   197 |    28 ||   396
Block: Buckler           |       |       |   185 |    61 ||   246
       Reflection        |       |       |     2 |     1 ||     3

Table legend: (Time is in decaauts)
 A = Elapsed time spent in this place.
 B = Non-inter-level travel time spent in this place.
 C = Inter-level travel time spent in this place.
 D = Time resting spent in this place.
 E = Time spent auto-exploring this place.
 F = Levels seen in this place.
 G = Mean time per level.
                   A        B        C        D        E       F      G
               +--------+--------+--------+--------+--------+-----+--------+
         Total |  10216 |   9892 |    324 |    876 |   7019 |  10 | 1021.6 |
       Dungeon |  10166 |   9842 |    324 |    876 |   6984 |   8 | 1270.8 |
         Abyss |     50 |     50 |      0 |      0 |     35 |   2 |   25.0 |
               +--------+--------+--------+--------+--------+-----+--------+

Top non-repeatable levels by time:
     D:7: 2269 daAuts
     D:5: 1743 daAuts
     D:1: 1337 daAuts
     D:3: 1272 daAuts
     D:4: 1228 daAuts
     D:6: 1130 daAuts
     D:2: 747 daAuts
     D:8: 436 daAuts
 Abyss:2: 25 daAuts
 Abyss:1: 25 daAuts
